 Dungeon Crawl Stone Soup version 0.31.0-32-g396128a36d (webtiles) character file.

Game seed: 8670432189513917509

308 Gadfly the Trooper (level 6, -4/39 HPs)
             Began as a Gargoyle Fighter on Mar 8, 2024.
             Killed from afar by Dowan (13 damage)
             ... with a stone arrow
             ... on level 4 of the Dungeon.
             The game lasted 00:05:58 (3136 turns).

Gadfly the Trooper (Gargoyle Fighter)               Turns: 3136, Time: 00:05:59

Health: -4/39      AC: 16    Str: 19    XL:     6   Next: 40%
Magic:  6/6        EV:  9    Int:  9    God:
Gold:   305        SH:  5    Dex: 11    Spells: 2/5 levels left

rFire   . . .        b - +1 dagger (elec)
rCold   + + .        c - +0 buckler
rNeg    + . .        h - +0 scale mail
rPois   ∞            k - +0 helmet
rElec   +            l - +0 cloak of Leapfrog {rC++}
rCorr   .            n - +0 pair of gloves
SInv    .            e - +0 pair of boots
Will    .....        (no amulet) Stlth
                     (no ring)
HPRegen 0.26/turn    (no ring)
MPRegen 0.10/turn

%: no passive effects
@: no status effects
A: sickness immunity, AC +4, negative energy resistance 1, electricity
resistance, torment resistance 1, petrification resistance
a: no special abilities


You were on level 4 of the Dungeon.
You visited 1 branch of the dungeon, and saw 4 of its levels.

You collected 305 gold pieces.

Inventory:

Hand Weapons
 a - a +0 flail
 b - a +1 dagger of electrocution (weapon)
Armour
 c - a +0 buckler (worn)
 e - a +0 pair of boots (worn)
 h - a +0 scale mail (worn)
 k - a +0 helmet (worn)
 l - the +0 cloak of Leapfrog (worn) {rC++}
   (You found it on level 2 of the Dungeon)

   rC++:      It greatly protects you from cold.
 n - a +0 pair of gloves (worn)
Scrolls
 f - 2 scrolls of teleportation
 m - a scroll of blinking
Potions
 d - 2 potions of might
 i - a potion of curing
 j - a potion of enlightenment {unknown}


   Skills:
 + Level 4.7 Fighting
 + Level 3.6 Maces & Flails
 + Level 4.7 Armour
 + Level 4.7 Shields


You had 2 spell levels left.
You knew the following spells:

 Your Spells              Type           Power      Damage    Failure   Level
a - Swiftness             Air            0%         N/A       99%         3

Your spell library contained the following spells:

 Spells                   Type           Power      Damage    Failure   Level
 Shock                    Conj/Air       0%         1d3       82%         1
 Tukima's Dance           Hex            0%         N/A       99%         3
 Airstrike                Air            0%         2d(0-16)  100%        4
 Dimensional Bullseye     Hex/Tloc       0%         N/A       100%        4
 Iskenderun's Mystic Bla  Conj/Tloc      0%         2d3       100%        4


Dungeon Overview and Level Annotations

Branches:
Dungeon (4/15)
 Temple: D:4-7

Altars:
Makhleb

Annotations:
D:4 Dowan


Innate Abilities, Weirdness & Mutations

You are immune to sickness and miasma.
Your stone body is resilient. (AC +4)
You are immune to poison.
You resist negative energy. (rN+)
You are resistant to electric shocks. (rElec)
You are resistant to unholy torment.
You are immune to petrification.


Message History

You are too injured to fight recklessly!
You are too injured to fight recklessly!
You are too injured to fight recklessly!
You are too injured to fight recklessly!
You are too injured to fight recklessly!
You are too injured to fight recklessly!
You are too injured to fight recklessly!
You are too injured to fight recklessly!
You are too injured to fight recklessly!
You are too injured to fight recklessly!
You are too injured to fight recklessly!
You are too injured to fight recklessly!
You are too injured to fight recklessly!
You are too injured to fight recklessly!
You are too injured to fight recklessly!
You are too injured to fight recklessly!
You are too injured to fight recklessly!
You are too injured to fight recklessly!
You closely miss Dowan.
Dowan is moderately wounded.
Dowan hits you but does no damage. x2
You hit Dowan but do no damage.
Dowan is moderately wounded.
Dowan hits you with a +0 dagger.
* * * LOW HITPOINT WARNING * * *
You hit Dowan.
Dowan is moderately wounded.
Dowan points at you and mumbles some strange words.
The stone arrow hits you.
* * * LOW HITPOINT WARNING * * *
Dowan hits you but does no damage.
You barely miss Dowan.
Dowan is moderately wounded.
Dowan hits you with a +0 dagger.
* * * LOW HITPOINT WARNING * * *
You hit Dowan.
Dowan is heavily wounded.
Dowan casts a spell at you. The stone arrow hits you!
You die...

#.# ###
#.#####.# #
#.......#.#
###..#....#
#..#.####
#..#)#
#..#†####.#
#..#.e....#
####@###..#
###.### #
#.....#
.......##.#
....... .#
....... #
......[
....$..
.......


You could see Dowan (fast).

Vanquished Creatures
  Duvessa (D:4)
  A bombardier beetle (D:3)
  A hound (D:4)
  4 adders
  3 gnolls
  2 ribbon worms
  A dart slug (D:3)
  2 orcs (D:3)
  6 endoplasms
  A giant cockroach (D:3)
  5 goblins
  5 hobgoblins
  6 jackals
  3 quokkas
  8 ball pythons
  4 bats
  5 frilled lizards
  6 kobolds
  8 rats
72 creatures vanquished.

Notes
Turn   | Place    | Note
-------+----------+-------------------------------------------
     0 | D:1      | Gadfly the Gargoyle Fighter began the quest for the Orb.
     0 | D:1      | Reached XP level 1. HP: 14/14 MP: 1/1
   167 | D:1      | Reached XP level 2. HP: 19/19 MP: 2/2
   679 | D:1      | Reached XP level 3. HP: 23/23 MP: 3/3
  1186 | D:2      | Identified the +0 cloak of Leapfrog {rC++}
  1607 | D:2      | Reached XP level 4. HP: 29/29 MP: 4/4
  1845 | D:2      | Learned a level 3 spell: Swiftness
  2092 | D:3      | Reached XP level 5. HP: 33/33 MP: 5/5
  2149 | D:3      | Found a burning altar of Makhleb.
  3083 | D:4      | Noticed Duvessa
  3083 | D:4      | Noticed Dowan
  3119 | D:4      | Killed Duvessa
  3120 | D:4      | Reached XP level 6. HP: 7/39 MP: 6/6
  3136 | D:4      | Killed from afar by Dowan

Illustrated notes

Levels and vault maps discovered:
D:1:      psy_arrival_statuary, layout_loops_ring
D:2:      layout_basic, st_stairs_9, amcnicky_mini_rare_corridor_liquid,
          kennysheep_pointless_box
D:3:      minmay_razor_zed, layout_loops_ring, amcnicky_altar_gilded
D:4:      layout_basic, enter_ossuary_1, nicolae_underground_beach, uniq_duvessa

Skill      XL: |  1  2  3  4  5 |
---------------+----------------+-----
Armour         | 4 |  4.7
Fighting       | 4 |  4.7
Shields        | 4 |  4.7
Maces & Flails | 3 |  3.6

Action                     |  1- 3 |  4- 6 || total
---------------------------+-------+-------++-------
  Melee: Flail             |    57 |       ||    57
         Dagger            |    81 |   161 ||   242
    Use: Scroll            |     6 |     2 ||     8
         Potion            |       |     2 ||     2
 Armour: Scale mail        |    84 |   121 ||   205
  Dodge: Dodged            |    76 |    72 ||   148
  Block: Buckler           |    31 |    33 ||    64
